Map: Catalyst LE

Players

axu - Winner!

  • Race: Protoss Protoss
  • League: Platinum
  • Spawn Location: 11:00

VOD

Have the link to the VOD?

Description

Time

  • Played on: March 9, 2018, 7:18 p.m.
  • Length: 12:00
Show
View Real Time Build Order
Export as new Build Order

axu Protoss - Winner!

Build Orders:  

Get SALT Encoding   

  12  0:03  Probe (Chrono Boost)  
  14  0:20  Probe (Chrono Boost)  
  14  0:28  Pylon  
  14  0:37  Probe (Chrono Boost)  
  15  0:56  Probe (Chrono Boost)  
  15  0:58  Gateway  
  16  1:13  Probe (Chrono Boost), Assimilator  
  18  1:30  Probe (Chrono Boost)  
  18  1:44  Assimilator  
  18  1:58  Gateway  
  18  2:06  Cybernetics Core  
  18  2:08  Probe (Chrono Boost)  
  19  2:20  Probe (Chrono Boost)  
  20  2:34  Probe (Chrono Boost)  
  21  2:45  Probe (Chrono Boost)  
  22  2:54  Pylon  
  22  2:58  Probe (Chrono Boost)  
  22  2:59  Pylon  
  27  3:35  Probe (Chrono Boost)  
  28  3:47  Gateway  
  28  3:57  Unknown x2  
  28  4:01  Nexus  
  28  4:03  Unknown x2  
  28  4:08  Probe  
  29  4:23  Pylon  
  29  4:43  Unknown x2  
  29  4:49  Probe  
  30  5:03  Robotics Facility  
  30  5:06  Probe  
  30  5:07  Stargate  
  27  5:10  Warp Gate (Chrono Boost)  
  27  5:17  Gateway  
  27  5:23  Probe  
  27  5:25  Stalker x2  
  32  5:39  Probe  
  32  5:42  Pylon  
  32  5:44  Probe  
  34  5:56  Probe  
  35  6:00  Probe  
  36  6:11  Immortal  
  36  6:13  Probe  
  36  6:17  Probe  
  42  6:30  Probe  
  42  6:34  Stalker  
  42  6:35  Stalker  
  47  6:41  Stalker  
  49  7:03  Probe  
  49  7:04  Probe  
  49  7:06  Immortal  
  55  7:20  Probe x2  
  57  7:43  Stalker  
  57  7:44  Stalker  
  61  7:50  Pylon  
  59  8:22  Stalker x2  
  59  8:23  Stalker  
  61  8:51  Immortal  
  68  9:03  Oracle (Chrono Boost)  
  68  9:26  Stalker  
  70  9:35  Pylon  
  70  10:00  Immortal, Probe x2  
  70  10:02  Stalker  
  70  10:06  Pylon  
  70  10:09  Pylon  
  78  10:14  Assimilator  
  78  10:18  Assimilator  
  78  10:31  Probe x2  
  78  10:35  Stalker x2  
  78  10:36  Stalker  
  86  10:48  Probe x2  
  88  11:05  Probe  
Tags
 
League
Platinum
Matchup
Co-op
Add a new tag
Caveats
  • Supply blocks, unpowered buildings, or Contaminate may cause inaccurate times.
  • Supply counts are checked every 10 seconds.